Map: Dusk Towers

Players

Miszu - Winner!

  • Race: Terran Terran
  • League: Master

TrainerBlue

  • Race: Protoss Protoss
  • League: Master

VOD

Have the link to the VOD?

Description

Time

  • Played on: June 27, 2016, 11:01 a.m.
  • Length: 9:20
Show
View Real Time Build Order
Export as new Build Order

Miszu Terran - Winner!

Build Orders: Reaper Expand, MMM Bio 

Get SALT Encoding   

  12  0:01  SCV  
  13  0:13  SCV  
  14  0:18  Supply Depot  
  14  0:25  SCV  
  15  0:39  SCV  
  15  0:42  Barracks  
  16  0:51  SCV  
  17  0:57  Refinery  
  17  1:03  SCV  
  18  1:15  SCV  
  20  1:33  Orbital Command  
  19  1:41  Reaper  
  19  1:43  Command Center  
  20  1:52  Supply Depot  
  20  1:59  SCV  
  21  2:11  SCV  
  21  2:13  Refinery  
  22  2:16  Barracks Reactor  
  22  2:23  SCV  
  23  2:35  Factory, SCV  
  24  2:47  SCV  
  24  2:52  Marine x2  
  24  2:55  Orbital Command  
  26  2:59  SCV  
  27  3:10  Marine x2  
  27  3:11  SCV  
  30  3:19  Starport, Factory Tech Lab  
  30  3:20  SCV  
  30  3:23  SCV  
  30  3:26  Supply Depot  
  32  3:29  Marine x2  
  32  3:33  SCV  
  35  3:35  SCV  
  35  3:37  Widow Mine  
  38  3:45  SCV  
  38  3:47  SCV  
  40  3:55  Marine x2  
  42  3:56  Medivac  
  42  3:57  SCV  
  42  4:00  Supply Depot, SCV  
  46  4:06  Siege Tank  
  46  4:09  SCV  
  50  4:11  Engineering Bay  
  50  4:12  SCV  
  50  4:15  Marine x2, Liberator  
  53  4:21  SCV  
  53  4:24  SCV  
  55  4:25  Command Center  
  55  4:33  SCV  
  55  4:36  SCV  
  61  4:47  Supply Depot  
  61  4:51  SCV  
  61  4:52  SCV  
  62  4:55  Supply Depot  
  62  5:01  Refinery  
  62  5:02  Refinery, Barracks  
  62  5:04  Barracks  
  62  5:06  Terran Infantry Weapons Level 1  
  62  5:08  Marine x2, Siege Tank, SCV  
  68  5:23  SCV  
  68  5:26  Marine x2  
  74  5:40  Orbital Command  
  74  5:42  SCV x2  
  76  5:44  Marine, Barracks  
  76  5:46  Barracks  
  77  5:50  Barracks Tech Lab  
  77  5:53  Barracks Tech Lab  
  77  5:54  Starport Reactor, SCV  
  76  5:58  SCV  
  76  6:04  Marine  
  75  6:08  Marine x2, SCV  
  75  6:10  Stimpack, SCV  
  75  6:11  Orbital Command  
  80  6:18  Marauder  
  79  6:20  SCV  
  79  6:21  Supply Depot, Factory Reactor  
  79  6:22  SCV  
  79  6:23  Supply Depot  
  81  6:26  Barracks  
  81  6:27  Barracks  
  81  6:28  Barracks  
  81  6:30  Marine x2, Marauder  
  81  6:32  SCV  
  87  6:34  SCV  
  88  6:43  Marauder  
  88  6:45  Barracks Reactor  
  88  6:46  Barracks Tech Lab  
  89  6:50  SCV x2  
  89  6:51  SCV  
  92  6:58  Supply Depot x2  
  92  7:02  Marine x2, Marauder, SCV  
  92  7:03  SCV x2  
  92  7:04  Marauder  
  92  7:05  Medivac  
  92  7:06  Widow Mine  
  105  7:15  Terran Infantry Armor Level 1, SCV x2  
  107  7:19  Engineering Bay  
  107  7:20  Marauder, Armory  
  107  7:21  Barracks Reactor, Barracks Tech Lab  
  107  7:22  Barracks Tech Lab  
  109  7:23  Marauder  
  109  7:25  Refinery  
  109  7:27  Refinery, Medivac  
  113  7:32  Marine x3, Marauder  
  113  7:33  Marine  
  113  7:35  Medivac  
  121  7:40  Starport, Fusion Core  
  121  7:44  Marauder  
  121  7:45  Combat Shields, Concussive Shells  
  123  7:52  Marauder  
  125  8:00  Supply Depot  
  125  8:01  Supply Depot x2  
  125  8:02  Marine x3, Marauder  
  125  8:05  Liberator x2  
  130  8:06  Marine, Marauder  
  130  8:07  Supply Depot  
  133  8:22  Marine x8  
  133  8:23  Marine  
  133  8:24  Marauder  
  133  8:26  Supply Depot  
  150  8:30  Supply Depot  
  150  8:40  Marine  
  150  8:41  Marine x8, Marauder  
  149  8:45  Marauder  
  161  8:58  Marine  
  161  8:59  Marine x2  
Show
View Real Time Build Order
Export as new Build Order

TrainerBlue Protoss 

Build Orders: 1 Gate Expand 

Get SALT Encoding   

  12  0:01  Probe (Chrono Boost)  
  13  0:11  Probe (Chrono Boost)  
  14  0:19  Pylon  
  14  0:22  Probe (Chrono Boost)  
  15  0:37  Probe (Chrono Boost)  
  15  0:40  Gateway  
  16  0:43  Assimilator  
  16  0:47  Probe (Chrono Boost)  
  17  0:58  Pylon, Probe (Chrono Boost)  
  18  1:11  Probe (Chrono Boost)  
  19  1:31  Nexus  
  19  1:36  Cybernetics Core  
  19  1:38  Probe (Chrono Boost)  
  20  1:44  Assimilator  
  20  1:49  Probe (Chrono Boost)  
  21  2:00  Probe (Chrono Boost)  
  22  2:13  Probe (Chrono Boost)  
  23  2:23  Mothership Core (Chrono Boost)  
  23  2:29  Robotics Facility  
  25  2:33  Warp Gate  
  25  2:34  Pylon  
  25  2:42  Probe (Chrono Boost)  
  26  2:48  Probe (Chrono Boost)  
  26  2:52  Probe (Chrono Boost)  
  27  2:59  Probe (Chrono Boost)  
  27  3:05  Nexus  
  28  3:09  Probe (Chrono Boost)  
  30  3:12  Probe (Chrono Boost)  
  30  3:20  Probe (Chrono Boost)  
  30  3:23  Probe (Chrono Boost)  
  32  3:31  Warp Prism, Probe (Chrono Boost)  
  32  3:34  Probe (Chrono Boost)  
  36  3:41  Probe (Chrono Boost)  
  36  3:47  Probe (Chrono Boost)  
  38  3:58  Probe x2 (Chrono Boost)  
  40  4:03  Assimilator  
  40  4:05  Twilight Council  
  40  4:07  Observer  
  40  4:08  Probe (Chrono Boost)  
  42  4:10  Probe (Chrono Boost)  
  42  4:16  Pylon  
  43  4:19  Probe (Chrono Boost)  
  43  4:22  Gateway, Pylon  
  44  4:25  Probe (Chrono Boost)  
  44  4:26  Probe (Chrono Boost)  
  44  4:29  Probe (Chrono Boost)  
  47  4:36  Probe x2 (Chrono Boost)  
  49  4:40  Pylon  
  49  4:41  Immortal (Chrono Boost)  
  49  4:44  Probe (Chrono Boost)  
  49  4:45  Probe (Chrono Boost)  
  54  4:49  Resonating Glaives  
  55  4:56  Gateway, Probe x2  
  55  4:57  Probe  
  58  5:00  Adept  
  58  5:06  Probe x2  
  56  5:22  Probe  
  56  5:23  Probe  
  56  5:27  Probe  
  58  5:29  Forge  
  58  5:33  Observer (Chrono Boost)  
  55  5:38  Pylon  
  55  5:39  Adept  
  55  5:41  Probe  
  57  5:45  Probe x2  
  55  5:54  Pylon, Probe  
  55  5:55  Probe  
  55  5:57  Immortal (Chrono Boost)  
  57  6:03  Probe  
  62  6:04  Protoss Ground Weapons Level 1 (Chrono Boost)  
  62  6:06  Probe  
  63  6:11  Probe  
  63  6:15  Stalker, Probe  
  67  6:20  Pylon  
  67  6:21  Probe  
  68  6:32  Assimilator  
  68  6:33  Probe  
  68  6:34  Probe  
  69  6:43  Probe  
  69  6:44  Probe  
  70  6:57  Templar Archives  
  70  6:58  Probe  
  70  6:59  Forge  
  70  7:06  Probe x2  
  70  7:08  Assimilator  
  72  7:13  Adept x2  
  75  7:20  Stalker  
  77  7:24  Nexus  
  77  7:26  Pylon, Photon Cannon  
  77  7:32  Assimilator, Probe  
  77  7:33  Probe  
  77  7:34  Probe  
  80  7:39  Photon Cannon  
  80  7:44  Probe  
  80  7:46  Probe  
  80  7:50  Psionic Storm, Stalker x2  
  86  7:52  Stalker  
  86  7:53  Probe  
  86  7:55  Probe  
  90  8:03  Probe  
  90  8:05  Probe  
  90  8:17  Adept  
  90  8:18  Adept x2  
  95  8:29  Probe  
  95  8:30  Pylon  
  95  8:31  Pylon  
  88  8:41  Probe  
  88  8:42  Stalker x3  
  95  8:48  Pylon  
  95  8:50  Pylon  
  95  8:53  Probe  
  99  9:05  Probe  
  93  9:11  Stalker x3  
Tags
 
Add a new tag
Caveats
  • Supply blocks, unpowered buildings, or Contaminate may cause inaccurate times.
  • Supply counts are checked every 10 seconds.